 Dungeon Crawl Stone Soup version 0.30.1-11-g7821555f0a (webtiles) character file.

Game seed: 13415464912400161498

8 Chiseanne the Charlatan (level 2, 20/22 HPs)
             Began as a Demonspawn Wanderer on Nov 26, 2023.
             Quit the game on level 1 of the Dungeon.
             The game lasted 00:00:20 (121 turns).

Chiseanne the Charlatan (Demonspawn Wanderer)        Turns: 121, Time: 00:00:21

Health: 20/22      AC:  6    Str: 13    XL:     2   Next: 0%
Magic:  3/3        EV: 10    Int: 12    God:
Gold:   0          SH:  0    Dex: 12    Spells: 3/3 levels left

rFire   . . .        a - +0 quarterstaff
rCold   . . .        (shield currently unavailable)
rNeg    . . .        c - +0 ring mail
rPois   .            (helmet restricted)
rElec   .            e - +0 cloak
rCorr   .            (no gloves)
SInv    .            (no boots)
Will    .....        (no amulet)
Stlth   +            (no ring)
HPRegen 0.23/turn    (no ring)
MPRegen 0.08/turn

%: no passive effects
@: no status effects
A: antennae 1
a: no special abilities


You were on level 1 of the Dungeon.
You visited 1 branch of the dungeon, and saw 1 of its levels.

Inventory:

Hand Weapons
 a - a +0 quarterstaff (weapon)
Missiles
 f - 6 poisoned darts
Armour
 c - a +0 ring mail (worn)
 e - a +0 cloak (worn)
Wands
 b - a wand of polymorph (15) (quivered)
Scrolls
 d - a scroll of silence
Potions
 g - a potion of curing {unknown}


   Skills:
 * Level 2.1 Fighting
 - Level 1.0 Staves
 - Level 2.6 Armour
 - Level 1.0 Spellcasting
 - Level 4.0 Evocations


You had 3 spell levels left.
You didn't know any spells.
Your spell library was empty.

Dungeon Overview and Level Annotations

Branches:
Dungeon (1/15)

Altars:


Innate Abilities, Weirdness & Mutations

You have a pair of small antennae on your head.


Message History

The bat hits you but does no damage. The bat hits you but does no damage.
The bat hits you.
You sock the bat!
You kill the bat!
Your Fighting skill increases to level 2!
No target in view!
No target in view!
No target in view!
No target in view!
No target in view!
No target in view!
No target in view!
No target in view!
No target in view!
No target in view!
No target in view!
No target in view!
No target in view!
No target in view!
No target in view!
No target in view!
No target in view!
You see here a +0 club.
A hobgoblin comes into view.
The hobgoblin shouts!
You see here a book of Party Tricks.
The hobgoblin barely misses you.
You closely miss the hobgoblin.
The hobgoblin hits you but does no damage.
You hit the hobgoblin but do no damage. The hobgoblin hits you.
You hit the hobgoblin but do no damage. The hobgoblin closely misses you.
A rat comes into view.
The hobgoblin closely misses you.
You sock the hobgoblin!
You kill the hobgoblin!
You have reached level 2!
Your demonic ancestry asserts itself...
A pair of antennae grows on your head!
Are you sure you want to abandon this character and quit the game? (Confirm with "yes".)

## #$.....#####.....#
... #.......†....###..
...##.........#### #..
...........##..##.....
..##..)....##.##...##
#.:..##.........
#.....#####.##..
##......... ..
#.@...##### ..$
#.r....# #.###### #.
#. #


You could see a rat.

Vanquished Creatures
  An endoplasm (D:1)
  A goblin (D:1)
  A hobgoblin (D:1)
  A quokka (D:1)
  2 bats (D:1)
  2 frilled lizards (D:1)
8 creatures vanquished.

Notes
Turn   | Place    | Note
-------+----------+-------------------------------------------
     0 | D:1      | Chiseanne the Demonspawn Wanderer began the quest for the
                  | Orb.
     0 | D:1      | Chiseanne set off with the following items: a +0
                  | quarterstaff, a wand of polymorph (15), a +0 ring mail, a
                  | scroll of silence.
     0 | D:1      | Reached XP level 1. HP: 15/15 MP: 2/2
   121 | D:1      | Gained mutation: You have a pair of small antennae on your
                  | head. [demonic ancestry]
   121 | D:1      | Reached XP level 2. HP: 20/22 MP: 3/3
   121 | D:1      | Quit the game

Illustrated notes

Levels and vault maps discovered:
D:1:      tarquinn_simple_flora_water_d, layout_rooms, serial_shops,
          nicolae_shop_just_a_little_nook

Skill      XL: |  1 |
---------------+----+-----
Fighting       | 2 |  2.1
Staves         | |  1.0
Armour         | |  2.6
Spellcasting   | |  1.0
Evocations     | |  4.0

Action                     || total
---------------------------++-------
  Melee: Quarterstaff      ||    25
 Armour: Ring mail         ||    17
  Dodge: Dodged            ||    16
